 Dungeon Crawl Stone Soup version 0.30-a0-862-g1aabd4f9c5 (webtiles) character file.

Game seed: 14039368261403420343

10616 Hubris850 the Grappler (level 11, -1/77 HPs)
             Began as a Demonspawn Berserker on Mar 8, 2023.
             Was an Elder of Trog.
             Slain by a cyclops (11 damage)
             ... on level 11 of the Dungeon.
             The game lasted 00:33:51 (11663 turns).

Hubris850 the Grappler (Demonspawn Berserker)      Turns: 11663, Time: 00:33:51

Health: -1/77      AC: 22    Str: 22    XL:     11   Next: 38%
Magic:  11/11      EV:  8    Int:  8    God:    Trog [****..]
Gold:   438        SH:  0    Dex: 13    Spells: 10/10 levels left

rFire   . . .      SeeInvis .      - Unarmed
rCold   + . .      Faith    +    (no shield)
rNeg    . . .      Spirit   .    U - +2 plate armour {rC+}
rPois   .          Reflect  .    R - +0 helmet
rElec   .          Rampage  .    k - +0 cloak
rCorr   +                        E - +0 pair of gloves
Will    +....                    x - +0 pair of boots Stlth
                                 Z - amulet of faith
HPRegen 0.32/turn                f - ring of resist corrosion
MPRegen 0.24/turn                n - ring of willpower

@: studying Unarmed Combat
A: rugged brown scales 1, demonic guardian 1, magic regeneration
a: Renounce Religion, Berserk, Trog's Hand, Brothers in Arms


You were on level 11 of the Dungeon.
You worshipped Trog.
Trog was greatly pleased with you.
You visited 1 branch of the dungeon, and saw 11 of its levels.

You collected 550 gold pieces.
You spent 112 gold pieces at shops.

Inventory:

Hand Weapons
 N - a +1 sling of freezing
Missiles
 a - a throwing net
 h - 11 boomerangs (quivered)
 p - 23 poisoned darts
 t - 2 atropa-tipped darts
 u - 9 javelins
Armour
 k - a +0 cloak (worn)
 x - a +0 pair of boots (worn)
 E - a +0 pair of gloves (worn)
 H - +0 steam dragon scales
 P - +2 steam dragon scales
 R - a +0 helmet (worn)
 T - the +4 robe of Folly {Brill Will-∞ Int+8}
   (You found it on level 8 of the Dungeon)

   Brill:     It increases the power of your magical spells and halves their MP
   cost (rounding up).
   Will-∞: It reduces your willpower to zero.
   Int:       It affects your intelligence (+8).
 U - a +2 plate armour of cold resistance (worn)
Magical Staves
 s - a staff of fire
 X - a staff of cold
Jewellery
 f - a ring of resist corrosion (left hand)
 m - a ring of positive energy
 n - a ring of willpower (right hand)
 M - a ring of ice
 Q - a ring of flight
 Z - an amulet of faith (around neck)
Wands
 b - a wand of polymorph (3)
 C - a wand of charming (17)
 L - a wand of acid (9)
 O - a wand of flame (3)
 Y - a wand of roots (4)
Scrolls
 c - 3 scrolls of enchant weapon
 e - 2 scrolls of magic mapping
 j - 2 scrolls of fog
 o - a scroll of immolation
 B - a scroll of silence
 G - 3 scrolls of fear
 I - a scroll of blinking
 J - 3 scrolls of enchant armour
 S - 3 scrolls of poison
Potions
 d - 2 potions of lignification
 g - 5 potions of heal wounds
 i - 3 potions of flight
 l - 2 potions of might
 q - a potion of magic
 r - 6 potions of haste
 v - 4 potions of brilliance
 w - 5 potions of resistance
 z - 2 potions of mutation
 A - 6 potions of curing
 F - a potion of berserk rage
 K - a potion of cancellation
 V - 2 potions of ambrosia {unknown}


   Skills:
 - Level 3.1 Fighting
 - Level 8.0 Throwing
 - Level 8.0 Armour
 - Level 4.0 Dodging
 * Level 12.7 Unarmed Combat


You had 10 spell levels left.
You didn't know any spells.
Your spell library contained the following spells:

 Spells                   Type           Power      Damage    Failure   Level
 Blink                    Tloc           0%         N/A       100%        2
 Inner Flame              Hex/Fire       0%         N/A       100%        3
 Kindle Blastsparks       Fire/Tloc/Air  0%         2d10      100%        3
 Animate Dead             Necr           0%         N/A       100%        4
 Flame Wave               Conj/Fire      0%         2d4       100%        4
 Fulminant Prism          Conj/Hex       0%         3d5       100%        4
 Iskenderun's Mystic Bla  Conj/Tloc      0%         2d3       100%        4
 Manifold Assault         Tloc           0%         N/A       100%        4
 Sticky Flame             Conj/Fire      0%         2d3       100%        4
 Borgnjor's Vile Clutch   Necr/Erth      0%         N/A       100%        5
 Lee's Rapid Deconstruct  Erth           0%         3d4*      100%        5
 Summon Forest            Summ/Tloc      0%         N/A       100%        5
 Death Channel            Necr           0%         N/A       100%        6
 Eringya's Noxious Bog    Tmut/Pois      0%         N/A       100%        6
 Storm Form               Tmut/Air       0%         N/A       100%        7
 Summon Hydra             Summ           0%         N/A       100%        7


Dungeon Overview and Level Annotations

Branches:
Dungeon (11/15)            Temple (0/1) D:7            Lair (0/5) D:9
    Orc (0/2) D:10

Altars:
Ashenzari
Kikubaaqudgha
Makhleb
Ru
Trog

Shops:
D:5 (   D:8 *=   D:10 *

Annotations:
D:10 1 runed translucent door


Innate Abilities, Weirdness & Mutations

You are partially covered in rugged brown scales. (AC +1, +3% HP)
A weak demonic guardian rushes to your aid.
You regenerate magic rapidly.


Message History

You hit the boulder beetle but do no damage.
You punch the boulder beetle, but do no damage.
The boulder beetle is lightly wounded.
The boulder beetle bites you but does no damage.
You hit the boulder beetle but do no damage.
You punch the boulder beetle, but do no damage.
The boulder beetle is lightly wounded.
The boulder beetle bites you but does no damage.
You hit the boulder beetle but do no damage.
The boulder beetle is lightly wounded.
You hit the boulder beetle but do no damage.
The boulder beetle is lightly wounded.
The boulder beetle leaps!
A boulder beetle comes into view.
The boulder beetle curls into a ball and begins rolling!
As you read the scroll of teleportation, it crumbles to dust.
You feel strangely unstable.
The boulder beetle attacks as you move away!
The boulder beetle bites you but does no damage.
The boulder beetle bites you!
The boulder beetle attacks as you move away!
The boulder beetle hits you.
The boulder beetle stops rolling and uncurls.
Your surroundings suddenly seem different.
A cyclops comes into view.
Found four items.
The cyclops throws a large rock.
The large rock hits you!
Found a scroll of teleportation.
The cyclops throws a large rock.
The large rock hits you.
* * * LOW HITPOINT WARNING * * *
The cyclops hits you!
* * * LOW HITPOINT WARNING * * *
A demonic guardian appears!
You barely miss the cyclops. You punch the cyclops!
The cyclops is moderately wounded.
The cyclops barely misses you.
You hit the cyclops.
The cyclops is moderately wounded.
The cyclops hits you!
You die...

############
#[.........#
#..........#
#..........#
#[.........#
#..........+
#...@5....?#
#...C.....$#
#..........#
#..........#
#..?.......#
##.#########
#. #. # .


You could see a cyclops (ally target) and a friendly shadow imp (summoned).

Vanquished Creatures
  A hydra (D:10)
  Harold (D:9)
  A necromancer (D:10)
  2 cyclopes (D:11)
  Joseph (D:7)
  Maggie (D:7)
  A gargoyle (D:10)
  Psyche (D:8)
  2 trolls
  Grinder (D:4)
  2 hornets
  2 wyverns
  A basilisk (D:11)
  Eustachio (D:6)
  7 yaks
  A steam dragon (D:6)
  Menkaure (D:5)
  3 water moccasins
  5 orc warriors
  5 sky beasts
  A black bear (D:9)
  An ice beast (D:8)
  2 centaurs
  3 bullfrogs
  2 gnoll sergeants (D:9)
  5 scorpions
  7 wights
  9 killer bees
  3 howler monkeys (D:10)
  2 jellies
  9 orc priests
  2 hounds
  2 sleepcaps
  4 iguanas
  9 orc wizards
  A mummy (D:7)
  15 gnolls
  4 adders
  A shadow imp (D:5)
  3 white imps
  3 ufetubi
  4 worms (D:2)
  3 dart slugs
  34 orcs
  6 ball pythons
  5 bats (D:1)
  5 endoplasms
  2 giant cockroaches
  4 goblins
  9 hobgoblins
  2 jackals (D:3)
  5 frilled lizards
  3 kobolds
  3 kobold zombies (D:7)
  An orc zombie (D:7)
  7 rats
221 creatures vanquished.

Vanquished Creatures (collateral kills)
  An ogre (D:5)
  An adder (D:2)
  A gnoll (D:4)
  2 orcs
  A bat (D:1)
  A rat (D:1)
7 creatures vanquished.

Vanquished Creatures (others)
  A human (D:5)
  14 fungi (D:9)
  15 plants (D:9)
30 creatures vanquished.

Grand Total: 258 creatures vanquished

Notes
Turn   | Place    | Note
-------+----------+-------------------------------------------
     0 | D:1      | Hubris850 the Demonspawn Berserker began the quest for the
                  | Orb.
     0 | D:1      | Reached XP level 1. HP: 18/18 MP: 1/1
   220 | D:1      | Gained mutation: A weak demonic guardian rushes to your
                  | aid. [demonic ancestry]
   220 | D:1      | Reached XP level 2. HP: 20/24 MP: 2/2
   511 | D:1      | Reached skill level 3 in Unarmed Combat
   796 | D:1      | Reached XP level 3. HP: 29/29 MP: 3/3
  1542 | D:2      | Reached skill level 1 in Throwing
  1610 | D:2      | Reached XP level 4. HP: 18/35 MP: 4/4
  1697 | D:2      | Reached ** piety under Trog
  2650 | D:4      | Noticed a yak
  2650 | D:4      | Noticed a yak
  2650 | D:4      | Noticed a yak
  2661 | D:3      | Killed a yak
  2662 | D:3      | Reached skill level 4 in Unarmed Combat
  2662 | D:3      | Reached XP level 5. HP: 25/41 MP: 5/5
  2734 | D:3      | Killed a yak
  2735 | D:3      | Gained mutation: You regenerate magic rapidly. [demonic
                  | ancestry]
  2735 | D:3      | Reached XP level 6. HP: 28/47 MP: 6/6
  2743 | D:3      | HP: 3/70 [yak (13)]
  2744 | D:3      | Killed a yak
  2745 | D:3      | Reached skill level 5 in Unarmed Combat
  2745 | D:3      | Reached XP level 7. HP: 5/52 MP: 7/7
  3498 | D:4      | Noticed Grinder
  3510 | D:4      | Killed Grinder
  3716 | D:4      | Reached skill level 6 in Unarmed Combat
  4115 | D:5      | Entered Level 5 of the Dungeon
  4119 | D:5      | Gained mutation: You are partially covered in rugged brown
                  | scales. (AC +1, +3% HP) [demonic ancestry]
  4119 | D:5      | Reached XP level 8. HP: 51/59 MP: 8/8
  4176 | D:5      | Found an ancient bone altar of Kikubaaqudgha.
  4260 | D:5      | Found a broken altar of Ashenzari.
  4261 | D:5      | Noticed Menkaure
  4271 | D:5      | Killed Menkaure
  4423 | D:5      | Found Hurholut's Firing Range.
  5328 | D:6      | Reached skill level 7 in Unarmed Combat
  5398 | D:6      | Reached skill level 5 in Armour
  5947 | D:6      | Noticed Eustachio
  5976 | D:6      | Killed Eustachio
  5977 | D:6      | Reached XP level 9. HP: 45/64 MP: 9/9
  6265 | D:6      | Reached skill level 5 in Throwing
  6265 | D:6      | Reached skill level 8 in Unarmed Combat
  6767 | D:7      | Noticed Joseph
  6785 | D:7      | Killed Joseph
  6976 | D:7      | Found a staircase to the Ecumenical Temple.
  7155 | D:7      | Noticed Maggie
  7172 | D:7      | Killed Maggie
  7179 | D:7      | HP: 2/64 [orc warrior/bolt (9)]
  7423 | D:7      | Reached skill level 9 in Unarmed Combat
  7722 | D:8      | Reached *** piety under Trog
  7773 | D:8      | Found a bloodstained altar of Trog.
  7803 | D:8      | Found Rusoyrha's Jewellery Shoppe.
  8112 | D:8      | Noticed Psyche
  8127 | D:8      | Killed Psyche
  8128 | D:8      | Reached XP level 10. HP: 72/72 MP: 10/10
  8317 | D:8      | Found Gounuyle's Gadget Gallery.
  8504 | D:8      | Found the +4 robe of Folly {Brill Will-∞ Int+8}
  8945 | D:9      | Reached skill level 10 in Unarmed Combat
  9334 | D:9      | Found a staircase to the Lair.
  9503 | D:9      | Noticed Harold
  9530 | D:9      | Killed Harold
  9973 | D:9      | Noticed an angel
 10043 | D:10     | Entered Level 10 of the Dungeon
 10052 | D:10     | Reached skill level 11 in Unarmed Combat
 10063 | D:10     | Noticed a four-headed hydra
 10075 | D:10     | Killed a four-headed hydra
 10075 | D:10     | Reached **** piety under Trog
 10076 | D:10     | Reached XP level 11. HP: 33/77 MP: 11/11
 10257 | D:10     | Noticed a necromancer
 10320 | D:10     | Killed a necromancer
 10798 | D:10     | Identified a scroll of acquirement
 10799 | D:10     | Acquired a manual of Unarmed Combat
 10836 | D:10     | Found Okkum's Assorted Antiques.
 10839 | D:10     | Bought a scroll of identify for 56 gold pieces
 10839 | D:10     | Bought a scroll of identify for 56 gold pieces
 10848 | D:10     | Found a staircase to the Orcish Mines.
 11092 | D:10     | Found a runed translucent door.
 11095 | D:10     | Noticed a fire crab
 11116 | D:10     | Found a burning altar of Makhleb.
 11116 | D:10     | Found a sacrificial altar of Ru.
 11375 | D:11     | Reached skill level 12 in Unarmed Combat
 11644 | D:11     | Noticed a boulder beetle
 11652 | D:11     | Noticed a boulder beetle
 11663 | D:11     | Slain by a cyclops

Illustrated notes

Levels and vault maps discovered:
D:1:      scummos_arrival_hexagon, layout_loops_ring, serial_rivers,
          chequers_serial_rivers_small_b, chequers_serial_rivers_room_a,
          chequers_serial_rivers_marsh, chequers_serial_rivers_micro_e,
          chequers_serial_rivers_small_3, chequers_serial_rivers_room_b
D:2:      layout_basic
D:3:      layout_basic, palyth_stone_intersect
D:4:      nicolae_cairo_tiling, layout_rooms, uniq_grinder
D:5:      layout_loops_corners, old_standard_altar, tgw_kikubaaqudgha,
          chequers_serial_rivers_room_a, nicolae_shop_firing_range,
          uniq_menkaure
D:6:      layout_gridville, uniq_eustachio
D:7:      layout_loops_ring, temple_statues, minmay_mini_ossuary, uniq_maggie,
          uniq_joseph
D:8:      layout_loops_cross, nicolae_overflow_crystal_walls, serial_shops,
          shop, st_stairs_8, grunt_decor_resistance,
          dreamdust_deal_with_the_devil, abandoned_shop, nicolae_shop_gadgets,
          uniq_psyche
D:9:      layout_rooms, zin_angel, grunt_lair_entry_orc_guard_hut, uniq_harold
D:10:     gammafunk_mikee_crab_dinner, layout_long_grid,
          nicolae_overflow_two_pavilions, david_orc_2, serial_shops,
          kennysheep_mini, minmay_librarian
D:11:     layout_roguey, minivault_26, hangedman_glass_teeth,
          minmay_increasing_density

Skill      XL: |  1  2  3  4  5  6  7  8  9 10 11 |
---------------+----------------------------------+-----
Armour         | 2 3 4 5 6 7 8 |  8.0
Dodging        | 2 3 4 |  4.0
Unarmed Combat | 3 4 5 6 7 9 11 12 | 12.7
Throwing       | 1 2 3 4 6 7 8 |  8.0
Fighting       | |  3.1

Action                     |  1- 3 |  4- 6 |  7- 9 | 10-12 || total
---------------------------+-------+-------+-------+-------++-------
  Melee: Unarmed           |   158 |    85 |   441 |   319 ||  1003
         Punch             |     7 |     4 |    22 |    21 ||    54
  Throw: Javelin           |       |       |     8 |    13 ||    21
         Dart              |       |       |     2 |       ||     2
         Boomerang         |       |       |       |     6 ||     6
 Invoke: Berserk           |       |     2 |     8 |     3 ||    13
         Trog's Hand       |       |     1 |     1 |       ||     2
  Evoke: Wand              |       |       |       |     1 ||     1
    Use: Scroll            |       |       |    14 |    11 ||    25
         Potion            |       |       |     4 |     1 ||     5
   Stab: Sleeping          |     2 |       |       |       ||     2
 Armour: Animal skin       |    14 |       |       |       ||    14
         Plate armour      |    26 |    44 |   240 |   182 ||   492
  Dodge: Dodged            |    67 |    21 |   109 |   131 ||   328

Table legend: (Time is in decaauts)
 A = Elapsed time spent in this place.
 B = Non-inter-level travel time spent in this place.
 C = Inter-level travel time spent in this place.
 D = Time resting spent in this place.
 E = Time spent auto-exploring this place.
 F = Levels seen in this place.
 G = Mean time per level.
                   A        B        C        D        E       F      G
               +--------+--------+--------+--------+--------+-----+--------+
         Total |  11615 |  11342 |    273 |   2998 |   6181 |  11 | 1055.9 |
       Dungeon |  11615 |  11342 |    273 |   2998 |   6181 |  11 | 1055.9 |
               +--------+--------+--------+--------+--------+-----+--------+

Top non-repeatable levels by time:
     D:9: 1467 daAuts
     D:6: 1308 daAuts
    D:10: 1265 daAuts
     D:7: 1224 daAuts
     D:2: 1073 daAuts
     D:3: 1063 daAuts
     D:5: 1011 daAuts
     D:4: 1003 daAuts
     D:1: 978 daAuts
     D:8: 918 daAuts
    D:11: 299 daAuts
